 Dungeon Crawl Stone Soup version 0.31-a0-647-g38d6a14cb1 (webtiles) character file.

Game seed: 16063608541680888369

70 Gargoyl the Trooper (level 4, -5/43 HPs)
             Began as a Gargoyle Berserker on Aug 29, 2023.
             Was a Follower of Trog.
             Killed from afar by Ijyb (11 damage)
             ... with a bolt of dispelling energy
             ... on level 2 of the Dungeon.
             The game lasted 00:01:37 (1256 turns).

Gargoyl the Trooper (Gargoyle Berserker)            Turns: 1256, Time: 00:01:37

Health: -5/43      AC: 12    Str: 20    XL:     4   Next: 22%
Magic:  4/4        EV:  8    Int:  8    God:    Trog [*.....]
Gold:   94         SH:  0    Dex: 11    Spells: 3/3 levels left

rFire   + . .        a - +0 hand axe
rCold   . . .        (no shield)
rNeg    + . .        e - +0 chain mail
rPois   ∞            (no helmet)
rElec   +            (no cloak)
rCorr   .            (no gloves)
SInv    .            (no boots)
Will    .....        (no amulet) Stlth
                     (no ring)
HPRegen 0.27/turn    (no ring)
MPRegen 0.09/turn

%: clarity
@: berserking, very quick
A: sickness immunity, AC +3, negative energy resistance 1, electricity
resistance, torment resistance 1, petrification resistance, clarity, fire
resistance 1
a: Renounce Religion, Berserk


You were on level 2 of the Dungeon.
You worshipped Trog.
Trog was aware of your devotion.
You visited 1 branch of the dungeon, and saw 2 of its levels.

You collected 94 gold pieces.

Inventory:

Hand Weapons
 a - a +0 hand axe (weapon)
Armour
 e - a +0 chain mail (worn)
Scrolls
 b - 2 scrolls of teleportation
 c - a scroll of amnesia {unknown}
 g - 2 scrolls of identify
 i - a scroll of poison {unknown}
Potions
 d - 2 potions of haste
 f - a potion of resistance {unknown}
 h - a potion of mutation


   Skills:
 + Level 4.0 Fighting
 + Level 3.1 Axes
 * Level 3.1 Armour
 * Level 2.1 Dodging
 + Level 0.5 Stealth


You had 3 spell levels left.
You didn't know any spells.
Your spell library was empty.

Dungeon Overview and Level Annotations

Branches:
Dungeon (2/15)

Altars:

Shops:
D:1 ?

Annotations:
D:2 Ijyb


Innate Abilities, Weirdness & Mutations

You are immune to sickness and miasma.
Your stone body is resilient. (AC +3)
You are immune to poison.
You resist negative energy. (rN+)
You are resistant to electric shocks. (rElec)
You are resistant to unholy torment.
You are immune to petrification.
You possess an exceptional clarity of mind.
Your flesh is heat resistant. (rF+)


Message History

An endoplasm comes into view.
Found a book of Callings.
An endoplasm is nearby!
An endoplasm is nearby!
The endoplasm closely misses you.
You slash the endoplasm!
You kill the endoplasm!
Trog accepts your kill.
You open the door.
There is an open door here.
You see here a +0 dagger.
A goblin comes into view. It is wielding a +0 club.
The goblin shouts!
You hear a shout! x3
A goblin is nearby!
A goblin is nearby! 5 goblins come into view.
The goblin shouts! x3
Ijyb the Twisted Goblin comes into view.
She is wielding a +0 club and carrying a wand of quicksilver.
Found a dagger and 5 gold pieces.
Ijyb screams, "Get away!"
Ijyb zaps a wand.
The bolt of dispelling energy hits the goblin!!
The goblin dies!
The bolt of dispelling energy hits you!!
Ouch! That really hurt!
* * * LOW HITPOINT WARNING * * *
Okay, then.
Okay, then.
A red film seems to cover your vision as you go berserk!
You feel yourself moving faster!
You feel mighty! The goblin hits you with a +0 dagger.
* * * LOW HITPOINT WARNING * * *
The goblin unwields a +0 club.
The goblin wields a +0 sling.
The goblin shoots a sling bullet.
The sling bullet hits you.
* * * LOW HITPOINT WARNING * * *
Ijyb zaps a wand.
The bolt of dispelling energy hits the goblin!
The goblin dies!
The bolt of dispelling energy hits you!
You die...

#.......####........#
#....)..# #........#
###.##### ##########
#.# #.# #.#
#.#########
#..8g8.8.8.
#..@)......
#..gg)....)
#......g...
#....g....$
#..........
#..8.8.8.8.
###########


You could see Ijyb and 4 goblins.

Vanquished Creatures
  An iguana (D:2)
  An adder (D:2)
  2 worms (D:2)
  2 dart slugs (D:2)
  3 endoplasms
  2 giant cockroaches
  3 goblins (D:1)
  2 hobgoblins
  3 ball pythons
  4 bats
  A frilled lizard (D:2)
  A kobold (D:2)
  A rat (D:2)
26 creatures vanquished.

Vanquished Creatures (others)
  2 goblins (D:2)
2 creatures vanquished.

Grand Total: 28 creatures vanquished

Notes
Turn   | Place    | Note
-------+----------+-------------------------------------------
     0 | D:1      | Gargoyl the Gargoyle Berserker began the quest for the Orb.
     0 | D:1      | Reached XP level 1. HP: 14/14 MP: 1/1
   186 | D:1      | Found Aroemuc's Magic Scroll Boutique.
   294 | D:1      | Reached XP level 2. HP: 19/19 MP: 2/2
   405 | D:1      | Gained mutation: Your flesh is heat resistant. (rF+)
                  | [potion of mutation]
   405 | D:1      | Gained mutation: You possess an exceptional clarity of
                  | mind. [potion of mutation]
   724 | D:2      | Identified the +8 whip "Jipu Togh" {flame, MP+9}
   815 | D:2      | Reached XP level 3. HP: 21/24 MP: 3/3
   940 | D:2      | Reached XP level 4. HP: 29/29 MP: 4/4
   941 | D:2      | Reached skill level 4 in Fighting
  1253 | D:2      | Noticed Ijyb
  1256 | D:2      | Killed from afar by Ijyb

Illustrated notes

Levels and vault maps discovered:
D:1:      heliophobic_arrival_battle_scene, layout_basic, serial_shops, shop
D:2:      kennysheep_the_goblin_king, layout_basic

Skill      XL: |  1  2  3  4 |
---------------+-------------+-----
Axes           | 3 |  3.1
Dodging        | 2 |  2.1
Fighting       | 4 |  4.0
Armour         | 3 |  3.1
Stealth        | |  0.5

Action                     |  1- 3 |  4- 6 || total
---------------------------+-------+-------++-------
  Melee: Hand axe          |    69 |    29 ||    98
         Punch             |       |     2 ||     2
 Invoke: Berserk           |     1 |     1 ||     2
    Use: Scroll            |     3 |       ||     3
         Potion            |     1 |       ||     1
 Armour: Animal skin       |     6 |       ||     6
         Chain mail        |    42 |    13 ||    55
  Dodge: Dodged            |    37 |     9 ||    46

Table legend: (Time is in decaauts)
 A = Elapsed time spent in this place.
 B = Non-inter-level travel time spent in this place.
 C = Inter-level travel time spent in this place.
 D = Time resting spent in this place.
 E = Time spent auto-exploring this place.
 F = Levels seen in this place.
 G = Mean time per level.
                   A        B        C        D        E       F      G
               +--------+--------+--------+--------+--------+-----+--------+
         Total |   1278 |   1271 |      7 |      0 |    970 |   2 |  639.0 |
       Dungeon |   1278 |   1271 |      7 |      0 |    970 |   2 |  639.0 |
               +--------+--------+--------+--------+--------+-----+--------+

Top non-repeatable levels by time:
     D:2: 680 daAuts
     D:1: 597 daAuts
